 Dungeon Crawl Stone Soup version 0.31-a0-222-gefeffbb62a (webtiles) character file.

Game seed: 3016510404496442994

84 qw the Chopper (level 4, -4/28 HPs)
             Began as a Gargoyle Fighter on July 5, 2023.
             Slain by an ogre
             ... wielding a +0 giant spiked club
              (8 damage)
             ... on level 4 of the Dungeon.
             The game lasted 00:01:10 (2566 turns).

qw the Chopper (Gargoyle Fighter)                   Turns: 2566, Time: 00:01:11

Health: -4/28      AC: 17    Str: 22    XL:     4   Next: 46%
Magic:  4/4        EV:  8    Int:  8    God:
Gold:   89         SH:  4    Dex:  9    Spells: 3/3 levels left

rFire   . . .        Y - +0 war axe
rCold   . . .        c - +0 buckler
rNeg    + . .        o - +0 chain mail
rPois   inf          (no helmet)
rElec   +            (no cloak)
rCorr   +            e - +0 pair of gloves
SInv    .            (no boots)
Will    .....        (no amulet) Stlth
                     a - +4 ring of protection
HPRegen 0.24/turn    g - ring of resist corrosion
MPRegen 0.09/turn

%: no passive effects
@: no status effects
A: sickness immunity, AC +3, negative energy resistance 1, electricity
resistance, torment resistance 1, petrification resistance
a: no special abilities


You were on level 4 of the Dungeon.
You visited 1 branch of the dungeon, and saw 4 of its levels.

You collected 89 gold pieces.


Innate Abilities, Weirdness & Mutations

You are immune to sickness and miasma.
Your stone body is resilient. (AC +3)
You are immune to poison.
You resist negative energy. (rN+)
You are resistant to electric shocks. (rElec)
You are resistant to unholy torment.
You are immune to petrification.


   Skills:
 - Level 3.2 Fighting
 + Level 4.1 Axes
 - Level 3.2 Armour
 - Level 3.2 Shields


You had 3 spell levels left.
You didn't know any spells.
Your spell library was empty.

Inventory:

Hand Weapons
 k - a +0 flail
 Y - a +0 war axe (weapon)
Armour
 c - a +0 buckler (worn)
 e - a +0 pair of gloves (worn)
 o - a +0 chain mail (worn)
Jewellery
 a - a +4 ring of protection (left hand)
 g - a ring of resist corrosion (right hand)
Scrolls
 b - a scroll of identify
Potions
 d - 3 potions of might
 i - a potion of lignification
 j - a potion of curing {unknown}
 m - a potion of magic
 n - a potion of haste {unknown}

Dungeon Overview and Level Annotations

Branches:
Dungeon (4/15)
 Temple: D:4-7

Altars:
Ashenzari


Message History

The kobold barely misses you.
You climb upwards.
There is a stone staircase leading down here.
You closely miss the kobold. The kobold hits you but does no damage.
You miss the kobold. The kobold hits you with a +0 club.
The kobold hits you but does no damage.
You closely miss the kobold. You block the kobold's attack.
You hit the kobold but do no damage. The kobold hits you but does no damage.
You slash the kobold!
You kill the kobold!
You start resting.
HP restored.
Done exploring.
(D) Dungeon
Where to? (* - list waypoints, Enter - D:4, ? - help)
What level of the Dungeon? (default 1, ? - help)
You climb downwards.
There is a stone staircase leading up here.
You see here 5 stones.
A goblin comes into view. It is wielding a +0 dagger.
The goblin shouts!
An ogre comes into view. It is wielding a +0 giant spiked club.
2558 ||| Stepping ~*~*~tactically~*~*~ (stealth).
The ogre shouts!
You hit the goblin.
You kill the goblin!
You slash the ogre!
The ogre is moderately wounded.
The ogre hits you with a +0 giant spiked club!!
Ouch! That really hurt!
You hit the ogre.
The ogre is moderately wounded.
The ogre closely misses you.
You slash the ogre!
The ogre is almost dead.
The ogre hits you with a +0 giant spiked club!
You die...

#########
........#####
#######.#<..#
#.@.(.#.#
#O##### # ...
#... #...
#... #...
....


You could see an ogre.

Vanquished Creatures
  3 adders
  A worm (D:2)
  A dart slug (D:1)
  3 orcs (D:3)
  3 endoplasms (D:1)
  2 giant cockroaches
  4 goblins
  2 hobgoblins
  2 quokkas
  5 ball pythons
  8 bats (D:1)
  5 frilled lizards (D:1)
  5 kobolds
  8 rats
52 creatures vanquished.

Notes
Turn   | Place    | Note
-------+----------+-------------------------------------------
     0 | D:1      | qw the Gargoyle Fighter began the quest for the Orb.
     0 | D:1      | Reached XP level 1. HP: 14/14 MP: 1/1
     0 | D:1      | 0 ||| qw: Version: 0.3-a-46-gb1f654a
     0 | D:1      | 0 ||| qw: Game counter: 1078
     0 | D:1      | 0 ||| qw: Melee chars always use a shield: true
     0 | D:1      | 0 ||| qw: God list: Okawaru
     0 | D:1      | 0 ||| qw: Allow faded altars: false
     0 | D:1      | 0 ||| qw: Do Orc after clearing Dungeon:15 true
     0 | D:1      | 0 ||| qw: Do second Lair branch before Depths: true
     0 | D:1      | 0 ||| qw: Lair rune preference: random
     0 | D:1      | 0 ||| qw: Goals: Normal, Zot:1-4, Slime:5, God:TSO, Crypt,
                  | Tomb, Abyss, Pan, Hells, Win
     0 | D:1      | 0 ||| PLANNING D:1-11
    95 | D:1      | Reached skill level 2 in Axes
   211 | D:1      | 211 ||| Stepping ~*~*~tactically~*~*~ (stealth).
   218 | D:1      | Reached XP level 2. HP: 19/19 MP: 2/2
   652 | D:1      | Reached skill level 3 in Axes
   689 | D:1      | Reached XP level 3. HP: 17/23 MP: 3/3
   812 | D:1      | Found a faded altar of an unknown god.
  1001 | D:1      | 1001 ||| UPGRADING to +0 pair of gloves.
  1006 | D:1      | 1006 ||| UPGRADING to +0 chain mail.
  1016 | D:1      | 1016 ||| DROPPING +0 scale mail.
  1017 | D:1      | 1017 ||| READING scroll labelled COUDEPN NYEREA.
  1018 | D:1      | 1018 ||| READING scroll labelled NUUNIV OGAA.
  1019 | D:1      | 1019 ||| READING scroll labelled FAROURGHUWU.
  1020 | D:1      | 1020 ||| READING scroll labelled SIYCWIATOCH.
  1021 | D:1      | 1021 ||| READING scroll labelled VAECUL ZYUST.
  1022 | D:1      | 1022 ||| READING scroll labelled ZOTEROUCKE.
  1673 | D:2      | 1673 ||| UPGRADING to +4 ring of protection.
  1674 | D:2      | 1674 ||| READING scroll labelled TAG VA VOU.
  1675 | D:2      | 1675 ||| READING 3 scrolls of identify.
  1675 | D:2      | 1675 ||| IDENTIFYING yellow potion
  1676 | D:2      | 1676 ||| READING 2 scrolls of identify.
  1676 | D:2      | 1676 ||| IDENTIFYING metallic ruby potion
  1911 | D:3      | Reached XP level 4. HP: 28/28 MP: 4/4
  2009 | D:3      | Found a broken altar of Ashenzari.
  2151 | D:3      | 2151 ||| DROPPING +0 whip.
  2260 | D:3      | Reached skill level 4 in Axes
  2326 | D:3      | 2326 ||| Stepping ~*~*~tactically~*~*~ (stealth).
  2331 | D:3      | 2331 ||| Stepping ~*~*~tactically~*~*~ (stealth).
  2516 | D:3      | 2516 ||| UPGRADING to ring of resist corrosion.
  2517 | D:3      | 2517 ||| READING scroll labelled IPPY JIT DUFEN.
  2536 | D:4      | 2536 ||| STAIRDANCE
  2557 | D:4      | Noticed an ogre
  2558 | D:4      | 2558 ||| Stepping ~*~*~tactically~*~*~ (stealth).
  2564 | D:4      | HP: 3/28 [ogre/+0 giant spiked club (25)]
  2566 | D:4      | Slain by an ogre

Levels and vault maps discovered:
D:1:      dpeg_arrival_prison, layout_loops_corners,
          hellmonk_ecumenical_altar_heavens_door
D:2:      layout_loops_ring
D:3:      layout_basic, nicolae_ashenzari_panopticon
D:4:      layout_basic

Skill      XL: |  1  2  3  4 |
---------------+-------------+-----
Axes           | 2 3 4 |  4.1
Fighting       | |  3.2
Armour         | |  3.2
Shields        | |  3.2

Action                     |  1- 3 |  4- 6 || total
---------------------------+-------+-------++-------
  Melee: War axe           |   133 |    31 ||   164
    Use: Scroll            |     9 |     1 ||    10
 Armour: Scale mail        |    35 |       ||    35
         Chain mail        |    26 |    15 ||    41
  Dodge: Dodged            |    53 |    10 ||    63
  Block: Buckler           |    19 |     2 ||    21

Table legend:
 A = Non-vault XP
 B = Vault XP
 C = Vault XP percentage of total XP
 D = Non-vault monster count
 E = Vault monster count
 F = Vault count percentage of total count
                 A         B        C        D         E       F
            +---------+---------+-------+---------+---------+-------
      Total |     119 |       2 |   1.7 |      50 |       2 |   3.8
            +---------+---------+-------+---------+---------+-------
        D:1 |      42 |       2 |   4.5 |      28 |       2 |   6.7
        D:2 |      33 |       0 |   0.0 |      11 |       0 |   0.0
        D:3 |      42 |       0 |   0.0 |      10 |       0 |   0.0
        D:4 |       2 |       0 |   0.0 |       1 |       0 |   0.0
            +---------+---------+-------+---------+---------+-------
